 Dungeon Crawl Stone Soup version 0.25.0-45-g978344163c (webtiles) character file.

Game seed: 4970323431732785561

107 Kold the Shield-Bearer (level 5, -5/41 HPs)
             Began as a Formicid Fighter on July 11, 2020.
             Slain by Grinder (6 damage)
             ... on level 3 of the Dungeon.
             The game lasted 00:02:38 (2281 turns).

Kold the Shield-Bearer (Formicid Fighter)           Turns: 2281, Time: 00:02:38

Health: -5/41      AC:  7    Str: 22    XL:     5   Next: 11%
Magic:  14/14      EV:  8    Int:  7    God:
Gold:   60         SH: 10    Dex: 10    Spells: 4/4 levels left

rFire    . . .     SeeInvis +   a - +0 war axe
rCold    . . .     Gourm    .   c - +0 kite shield
rNeg     . . .     Faith    .   b - +0 scale mail
rPois    .         Spirit   .   (helmet unavailable)
rElec    .         Reflect  .   (no cloak)
rCorr    .         Harm     .   (no gloves)
MR       .....                  (no boots)
Stlth    ..........             (no amulet)
HPRegen  0.13/turn              h - ring of magical power
MPRegen  0.14/turn              (no ring)

@: no status effects
A: permanent stasis, dig shafts and tunnels, four strong arms, antennae 3
a: Dig, Shaft Self


You were on level 3 of the Dungeon.
You were hungry.

You visited 1 branch of the dungeon, and saw 3 of its levels.

You collected 60 gold pieces.

Inventory:

Hand Weapons
 a - a +0 war axe (weapon)
Armour
 b - a +0 scale mail (worn)
 c - a +0 kite shield (worn)
Jewellery
 h - a ring of magical power (left hand)
 k - an uncursed ring of ice
Scrolls
 g - a scroll of random uselessness {unknown}
 m - a scroll of enchant armour {unknown}
 n - 2 scrolls of identify {unknown}
 p - a scroll of remove curse {unknown}
 q - a scroll of teleportation {unknown}
Potions
 d - a potion of might
 e - 2 potions of flight {unknown}
 i - a potion of ambrosia
 j - a potion of curing {unknown}
 l - a potion of cancellation {unknown}
 o - a potion of magic {unknown}
 r - a potion of haste
Comestibles
 f - 3 rations
 s - a chunk of flesh


   Skills:
 - Level 3.2 Fighting
 + Level 3.2 Axes
 + Level 4.3 Armour
 + Level 4.7 Shields


You had 4 spell levels left.
You didn't know any spells.
Your spell library was empty.

Dungeon Overview and Level Annotations

Branches:
Dungeon (3/15)

Altars:

Annotations:
D:3 Grinder


Innate Abilities, Weirdness & Mutations

You cannot be hasted, slowed, berserked, paralysed or teleported.
You can dig through walls and to a lower floor.
Your four strong arms can wield two-handed weapons with a shield.
You have a pair of large antennae on your head. (SInv)


Message History

Your stasis prevents you from being hasted.
Grinder says, "Tell me all your secrets, or I'll kill you."
Grinder hits you!
* * * LOW HITPOINT WARNING * * *
You writhe in agony.
* * * LOW HITPOINT WARNING * * *
You hit Grinder but do no damage.
Grinder is severely wounded.
You block Grinder's attack.
Unknown command.
You barely miss Grinder.
Grinder is severely wounded.
Grinder closely misses you. Grinder hits you.
* * * LOW HITPOINT WARNING * * *
You completely miss Grinder.
Grinder is severely wounded.
Grinder hits you.
* * * LOW HITPOINT WARNING * * *
You writhe in agony.
You die...

#.# #...#.# #.#... #.#
...#.# #.#... ###.####
#.# #..... ##......###.
#.# ###...
...(.....##.#.###.# #...
##.......##.... ..# #...
##.รท.....##.#.# #.# ####
#.......###.#.###5##
#.##............@..#####
#.##.##.##...#..........#
#.##.##.##...#..#$.####.#
#..................#
#.##.#..##.#.#.###.#
#......>##.#>....#.#
#.##.......#..)....#
#.##.#.#####.....###
#.##.#.# #.....#


You could see Grinder.

Vanquished Creatures
  3 adders (D:2)
  3 oozes
  4 worms (D:2)
  2 dart slugs (D:1)
  2 leopard geckos
  3 orcs (D:3)
  5 bats
  A giant cockroach (D:1)
  A goblin (D:1)
  7 hobgoblins
  2 jackals (D:3)
  A quokka (D:2)
  A ball python (D:1)
  A frilled lizard (D:2)
  7 kobolds
  10 rats
53 creatures vanquished.

Vanquished Creatures (others)
  5 toadstools (D:1)
5 creatures vanquished.

Grand Total: 58 creatures vanquished

Notes
Turn   | Place    | Note
-------+----------+-------------------------------------------
     0 | D:1      | Kold the Formicid Fighter began the quest for the Orb.
     0 | D:1      | Reached XP level 1. HP: 18/18 MP: 1/1
    24 | D:1      | Reached XP level 2. HP: 19/24 MP: 2/2
   283 | D:1      | Reached XP level 3. HP: 29/29 MP: 3/3
   811 | D:2      | Reached XP level 4. HP: 32/35 MP: 4/4
  1984 | D:3      | Reached XP level 5. HP: 41/41 MP: 5/5
  2235 | D:3      | Noticed Grinder
  2280 | D:3      | HP: 1/41 [Grinder (3)]
  2281 | D:3      | Slain by Grinder

Illustrated notes

Levels and vault maps discovered:
D:1:      ldierk_walled_garden, layout_basic
D:2:      layout_loops_corners
D:3:      layout_loops_cross, uniq_grinder

Skill      XL: |  1  2  3  4 |
---------------+-------------+-----
Shields        | 4 |  4.7
Armour         | 4 |  4.3
Axes           | 3 |  3.2
Fighting       | |  3.2

Action                   |  1- 3 |  4- 6 || total
-------------------------+-------+-------++-------
Melee: War axe           |    57 |   104 ||   161
 Abil: Dig               |       |     1 ||     1
  Use: Potion            |       |     2 ||     2
  Eat: Chunk             |       |     4 ||     4
Armor: Scale mail        |    25 |    31 ||    56
Dodge: Dodged            |    22 |    29 ||    51
Block: Kite shield       |    25 |    48 ||    73
